 Dungeon Crawl Stone Soup version 0.30-a0-696-g2367cd04db (webtiles) character file.

Game seed: 10932204951324073423

3 Absynth the Sneak (level 1, -1/16 HPs)
             Began as a Demonspawn Brigand on Jan 20, 2023.
             Succumbed to a kobold's poison
             ... on level 1 of the Dungeon.
             The game lasted 00:00:47 (108 turns).

Absynth the Sneak (Demonspawn Brigand)               Turns: 108, Time: 00:00:48

Health: -1/16      AC:  3    Str: 11    XL:     1   Next: 41%
Magic:  1/1        EV: 11    Int: 12    God:
Gold:   8          SH:  0    Dex: 14    Spells: 0/0 levels left

rFire   . . .      SeeInvis .    a - +2 dagger
rCold   . . .      Faith    .    (no shield)
rNeg    . . .      Spirit   .    b - +0 robe
rPois   .          Reflect  .    (no helmet)
rElec   .          Harm     .    c - +0 cloak
rCorr   .          Rampage  .    (no gloves)
Will    .....                    (no boots)
Stlth   ++                       (no amulet)
HPRegen 0.22/turn                (no ring)
MPRegen 0.07/turn                (no ring)

@: lethally poisoned (-1 -> -10)
A: no striking features
a: no special abilities


You were on level 1 of the Dungeon.
You visited 1 branch of the dungeon, and saw 1 of its levels.

You collected 8 gold pieces.

Inventory:

Hand Weapons
 a - a +2 dagger (weapon)
Missiles
 d - 9 poisoned darts (quivered)
 e - 3 curare-tipped darts
Armour
 b - a +0 robe (worn)
 c - a +0 cloak (worn)
Scrolls
 f - a scroll of enchant weapon {unknown}


   Skills:
 - Level 2.0 Fighting
 + Level 1.8 Short Blades
 - Level 1.7 Throwing
 + Level 1.0 Dodging
 + Level 3.6 Stealth


You couldn't memorise any spells.
You didn't know any spells.
Your spell library was empty.

Dungeon Overview and Level Annotations

Branches:
Dungeon (1/15)

Altars:


Message History

The hobgoblin closely misses you.
You hit the hobgoblin.
The hobgoblin is heavily wounded.
The hobgoblin closely misses you.
You hit the hobgoblin.
The hobgoblin is severely wounded.
The hobgoblin hits you but does no damage.
You hit the hobgoblin.
You kill the hobgoblin!
Your Dodging skill increases to level 1!
No target in view!
You start resting.
HP restored.
Found a robe.
You now have 8 gold pieces.
A kobold comes into view. It is wielding a +1 dagger of venom.
A hobgoblin comes into view.
The hobgoblin shouts!
A goblin comes into view. It is wielding a +0 dagger.
The goblin shouts!
You closely miss the kobold.
The kobold hits you with a +1 dagger of venom.
You miss the kobold.
The kobold hits you with a +1 dagger of venom.
You are lethally poisoned!
You barely miss the kobold.
You feel very sick.
The kobold hits you with a +1 dagger of venom.
* * * LOW HITPOINT WARNING * * *
You are more poisoned.
You hit the kobold.
You kill the kobold!
* * * LOW HITPOINT WARNING * * *
You feel very sick.
You aren't carrying any potions.
* * * LOW HITPOINT WARNING * * *
You feel very sick.
You hit the goblin.
You kill the goblin!
You die...

#.#.....................
####.#.###.......##.##.....
............#..........####
.......####.............
##...............[..####.#
~##.########........... ..
~~#.# #.#.######## .~#..
#.###.## .~#..# ..# ##@#
.~#... ... #)## .~#..####.
#g## .~#.## . ... ~~# .....
~~# ....... ~.# .....#.
.8.. .....#. #.#> ....##.


You could see a hobgoblin.

Vanquished Creatures
  A goblin (D:1)
  A hobgoblin (D:1)
  A ball python (D:1)
  A frilled lizard (D:1)
  A kobold (D:1)
5 creatures vanquished.

Notes
Turn   | Place    | Note
-------+----------+-------------------------------------------
     0 | D:1      | Absynth the Demonspawn Brigand began the quest for the Orb.
     0 | D:1      | Reached XP level 1. HP: 16/16 MP: 1/1
    67 | D:1      | Reached skill level 1 in Dodging
   108 | D:1      | Succumbed to a kobold's poison

Illustrated notes

Levels and vault maps discovered:
D:1:      psy_arrival_whirlpool, layout_loops_ring,
          shapermc_ecumenical_altar_mp_ritualfount, serial_shops, shop_scrolls

Skill      XL: |  1 |
---------------+----+-----
Dodging        | 1 |  1.0
Fighting       | |  2.0
Short Blades   | |  1.8
Throwing       | |  1.7
Stealth        | |  3.6

Action                   || total
-------------------------++-------
Melee: Dagger            ||    18
 Stab: Sleeping          ||     1
Armor: Robe              ||     3
Dodge: Dodged            ||     2

Table legend: (Time is in decaauts)
 A = Elapsed time spent in this place.
 B = Non-inter-level travel time spent in this place.
 C = Inter-level travel time spent in this place.
 D = Time resting spent in this place.
 E = Time spent auto-exploring this place.
 F = Levels seen in this place.
 G = Mean time per level.
                   A        B        C        D        E       F      G
               +--------+--------+--------+--------+--------+-----+--------+
         Total |    106 |    106 |      0 |     16 |     53 |   1 |  106.0 |
       Dungeon |    106 |    106 |      0 |     16 |     53 |   1 |  106.0 |
               +--------+--------+--------+--------+--------+-----+--------+

Top non-repeatable levels by time:
     D:1: 106 daAuts
